 Dungeon Sprint DCSS version 0.23.2-1-ga50397a6bc (webtiles) character file.

Game seed: 756508230210814678

158 Morrissey the Covert (level 5, -1/35 HPs)
             Began as a Vampire Enchanter on May 2, 2019.
             Was a Priest of Kikubaaqudgha.
             Slain by a fire bat (9 damage)
             ... in the Dungeon (Sprint VII: "The Pits").
             The game lasted 00:03:47 (919 turns).

Morrissey the Covert (Vampire Enchanter)             Turns: 919, Time: 00:03:49

Health: -1/35      AC:  2    Str:  7    XL:     5   Next: 16%
Magic:  6/11       EV: 12    Int: 19    God:    Kikubaaqudgha [***...]
Gold:   0          SH:  0    Dex: 14    Spells: 6/12 levels left

rFire    . . .     SeeInvis +   a - +0 dagger (elec)
rCold    + . .     Gourm    .   (no shield)
rNeg     + + .     Faith    .   b - +0 robe
rPois    +         Spirit   .   (no helmet)
rElec    .         Reflect  .   (no cloak)
rCorr    .         Harm     .   (no gloves)
MR       .....     NoTele   +   (no boots)
Stlth    ++++++....             (no amulet)
HPRegen  0.05/turn              (no ring)
MPRegen  0.12/turn              (no ring)

@: regenerating slowly
A: fangs 3, see invisible, unbreathing
a: Bat Form, Receive Corpses, Renounce Religion


You were in the Dungeon.
You worshipped Kikubaaqudgha.
Kikubaaqudgha was most pleased with you.
You were thirsty.

You visited 1 branch

Inventory:

Hand Weapons
 a - a +0 dagger of electrocution (weapon)
Armour
 b - a +0 robe (worn)
Scrolls
 j - a scroll of blinking
 k - 3 scrolls of remove curse
 l - 5 scrolls of amnesia
 m - a scroll of summoning
Potions
 c - 2 potions of invisibility
 d - 6 potions of blood
 e - 6 potions of curing
 f - 6 potions of heal wounds
 g - a potion of haste
 h - 4 potions of magic
 i - 2 potions of berserk rage


   Skills:
 - Level 1.1 Short Blades
 - Level 2.1 Dodging
 + Level 11.2 Stealth
 + Level 4.1 Spellcasting
 * Level 10.6 Hexes


You had 6 spell levels left.
You knew the following spells:

 Your Spells              Type           Power        Failure   Level  Hunger
a - Corona                Hex            #####..      1%          1    None
b - Ensorcelled Hibernat  Hex/Ice        ###...       2%          2    ##.....
c - Confuse               Hex            #####...     1%          3    ###....

Your spell library contained the following spells:

 Spells                   Type           Power        Failure   Level  Hunger
 Tukima's Dance           Hex            #####...     1%          3    ###....
 Dazzling Spray           Conj/Hex       ###...       4%          3    ###....
 Animate Skeleton         Necr           N/A          14%         1    None
 Pain                     Necr           #...         14%         1    None
 Sublimation of Blood     Necr           #.........   21%         2    ##.....
 Regeneration             Chrm/Necr      #.........   38%         3    ###....
 Bolt of Draining         Conj/Necr      #.........   98%         5    ######.
 Dispel Undead            Necr           #.......     98%         5    ######.
 Excruciating Wounds      Chrm/Necr      #.........   98%         5    ######.
 Death Channel            Necr           #.........   100%        6    #######
 Simulacrum               Ice/Necr       #.........   100%        6    #######


Dungeon Overview and Level Annotations

Branches:
Dungeon (1/1)

Altars:
Ashenzari
Cheibriados
Dithmenos
Elyvilon
Fedhas
Gozag
Hepliaklqana
Kikubaaqudgha
Makhleb
Nemelex Xobeh
Okawaru
Qazlal
Ru
Sif Muna
Trog
Uskayaw
Vehumet
Wu Jian
Xom
Yredelemnul
Zin
The Shining One
Beogh
Jiyva
Lugonu


Innate Abilities, Weirdness & Mutations

You heal slowly.
You have razor-sharp teeth.
You have supernaturally acute eyesight. (SInv)
You can survive without breathing.


Message History

Aim: a fire bat (chance to defeat MR: 62%)
The fire bat looks drowsy...
The fire bat closely misses you. The fire bat bites you.
You are engulfed in flames!
Casting: Ensorcelled Hibernation (safe; 2% risk of failure)
Confirm with . or Enter, or press ? or * to list all spells.
Aiming: Confuse (safe; 1% risk of failure)
Press: ? - help, Shift-Dir - straight line, f/p - fire bat
Aim: a fire bat (chance to defeat MR: 76%)
The fire bat appears confused.
The fire bat bites you.
You are engulfed in flames!
* * * LOW HITPOINT WARNING * * *
You hit the fire bat.
Lightning courses through the fire bat!!
The fire bat is almost dead.
The fire bat bites you.
* * * LOW HITPOINT WARNING * * *
You are engulfed in flames!
You die...
Kikubaaqudgha rasps: "You have failed me!
Welcome... oblivion!"

#)#.....#'###...<...#
#.#........##.......#
#.#........##.......#
#'###########.......#
#.......# #########
#.###...# #.#.....#
#.#.b.# #...@.#
#...### #.....
#######


You could see a fire bat (confused).

Vanquished Creatures
  A water moccasin (D)
  3 river rats (D)
  2 ufetubi (D)
  A worm (D)
  An orc (D)
  A bat (D)
  A hobgoblin (D)
  3 jackals (D)
  A quokka (D)
14 creatures vanquished.

Notes
Turn   | Place    | Note
-------+----------+-------------------------------------------
     0 | D        | Morrissey the Vampire Enchanter began the quest for the
                  | Orb.
     0 | D        | Reached XP level 1. HP: 13/13 MP: 3/3
    14 | D        | Reached skill level 6 in Stealth
    14 | D        | Reached skill level 5 in Hexes
    14 | D        | Reached XP level 2. HP: 19/19 MP: 5/5
    50 | D        | Found a glowing golden altar of the Shining One.
    50 | D        | Found a glowing silver altar of Zin.
    50 | D        | Found a basalt altar of Yredelemnul.
    50 | D        | Found a shimmering altar of Xom.
    50 | D        | Found an ornate altar of the Wu Jian Council.
    50 | D        | Found a bloodstained altar of Trog.
    50 | D        | Found a deep blue altar of Sif Muna.
    50 | D        | Found a sacrificial altar of Ru.
    50 | D        | Found a stormy altar of Qazlal.
    50 | D        | Found an iron altar of Okawaru.
    50 | D        | Found a sparkling altar of Nemelex Xobeh.
    50 | D        | Found a burning altar of Makhleb.
    50 | D        | Found a viscous altar of Jiyva.
    50 | D        | Found a hazy altar of Hepliaklqana.
    50 | D        | Found an opulent altar of Gozag.
    50 | D        | Found a blossoming altar of Fedhas.
    50 | D        | Found a white marble altar of Elyvilon.
    50 | D        | Found a shadowy altar of Dithmenos.
    50 | D        | Found a snail-covered altar of Cheibriados.
    51 | D        | Found a radiant altar of Vehumet.
    51 | D        | Found a corrupted altar of Lugonu.
    51 | D        | Found a roughly hewn altar of Beogh.
    54 | D        | Found a shattered altar of Ashenzari.
    54 | D        | Found an ancient bone altar of Kikubaaqudgha.
    54 | D        | Found a hide-covered altar of Uskayaw.
    78 | D        | Became a worshipper of Kikubaaqudgha
    96 | D        | Reached skill level 7 in Stealth
   105 | D        | Reached * piety under Kikubaaqudgha
   105 | D        | Identified Kikubaaqudgha's Volume of Darkness
                  | (Kikubaaqudgha gifted it to you in the Dungeon)
   105 | D        | Received a gift from Kikubaaqudgha
   110 | D        | Learned a level 2 spell: Ensorcelled Hibernation
   132 | D        | Reached ** piety under Kikubaaqudgha
   145 | D        | Reached skill level 8 in Stealth
   147 | D        | Reached skill level 9 in Stealth
   147 | D        | Reached XP level 3. HP: 20/24 MP: 1/6
   192 | D        | Learned a level 3 spell: Confuse
   469 | D        | Noticed a water moccasin
   471 | D        | Noticed a fire bat
   480 | D        | Reached *** piety under Kikubaaqudgha
   480 | D        | Identified Kikubaaqudgha's Compendium of Evil
                  | (Kikubaaqudgha gifted it to you in the Dungeon)
   480 | D        | Received a gift from Kikubaaqudgha
   584 | D        | Killed a water moccasin
   584 | D        | Reached skill level 11 in Stealth
   584 | D        | Reached skill level 10 in Hexes
   584 | D        | Reached XP level 4. HP: 30/30 MP: 2/9
   584 | D        | Reached XP level 5. HP: 35/35 MP: 2/10
   919 | D        | Slain by a fire bat

Skill      XL: |  1  2  3  4  5 |
---------------+----------------+-----
Stealth        | 6 9 11 | 11.2
Hexes          | 5 6 10 | 10.6
Spellcasting   | 3 4 |  4.1
Short Blades   | |  1.1
Dodging        | |  2.1

Action                   |  1- 3 |  4- 6 || total
-------------------------+-------+-------++-------
Melee: Dagger            |    25 |    13 ||    38
       Bite              |     2 |       ||     2
 Cast: Ensorcelled Hiber |     6 |     6 ||    12
       Confuse           |     1 |     1 ||     2
 Abil: End Transformatio |       |     1 ||     1
       Bat Form          |       |     1 ||     1
  Use: Potion            |     1 |       ||     1
 Stab: Sleeping          |     9 |     1 ||    10
Armor: Robe              |     3 |     1 ||     4
Dodge: Dodged            |    16 |     7 ||    23
